[Event "*** Titled Tuesday Blitz"]
[Site "Chess.com"]
[Date "2021.04.27"]
[Round "9"]
[White "tusplingher"]
[Black "viktorgen2021"]
[Result "1-0"]
[WhiteElo "2288"]
[BlackElo "2367"]
[TimeControl "180+1"]
[EndTime "11:43:07 PDT"]
[Termination "tusplingher won by checkmate"]

1. e4 d5 2. exd5 Nf6 3. d4 g6 4. c4 Bg7 5. Nc3 O-O 6. Nf3 c6 7. dxc6 Nxc6 8. Be2 b6 9. O-O Bb7 10. h3 Rc8 11. Be3 Re8 12. Rc1 e6 13. Bg5 Qd7 14.
Ne5 Qe7 15. Nxc6 Bxc6 16. b3 h6 17. Bh4 g5 18. Bg3 Red8 19. Re1 Ne8 20. d5 Ba8 21. Bf3 e5 22. Ne4 f5 23. Nc3 Nd6 24. Qd2 Rf8 25. Bd1 Bf6 26. Bf3 Qg7 27. Be2 Rfe8 28. Bd3 e4 29. Bxd6 exd3 30. Rxe8+ Rxe8 31. Qxd3 Bb7 32. Ne2 Bc8 33. Ng3 f4 34. Nh5 Qf7 35. Nxf6+ Qxf6 36. Bb4 Bf5 37. Qd2 f3 38. Bc3 Qg6 39. g4 Bd3 40. Re1 Re2 41. Rxe2 Bxe2 42. Qe3 Qb1+ 43.
Kh2 Qg6 44. Qe5 a6 45. d6 h5 46. d7 Qd3 47. Qg7# 1-0

[Event "*** Titled Tuesday Blitz"]
[Site "Chess.com"]
[Date "2021.04.27"]
[Round "9"]
[White "chesslh19"]
[Black "ajedrez1101"]
[Result "0-1"]
[WhiteElo "2264"]
[BlackElo "2176"]
[TimeControl "180+1"]
[EndTime "11:43:07 PDT"]
[Termination "ajedrez1101 won on time"]

1. e4 b6 2. d4 Bb7 3. Bd3 e6 4. Nf3 d5 5. Qe2 Nf6 6. e5 Nfd7 7. Bg5 Be7 8. Bxe7 Qxe7 9. c3 c5 10. Nbd2 a5 11. O-O Ba6 12. Bxa6 Nxa6 13. Rfe1 O-O 14. dxc5 bxc5 15. c4 d4 16. Ne4 Nb4 17. Qd2 Rab8 18.
Red1 Nc6 19. b3 Ra8 20. Qf4 h6 21. h4 a4 22. Re1 Nb4 23. Qd2 axb3 24. axb3 Rfb8 25.
Nd6 Nxe5 26. Nxe5 Qxd6 27. Nd3 Nxd3 28. Qxd3 Rxa1 29. Rxa1 Qb6 30. Ra3 Qb4 31. Ra6 Qxb3 32. Qxb3 Rxb3 33. Rc6 d3 34. f4 d2 0-1

[Event "*** Titled Tuesday Blitz"]
[Site "Chess.com"]
[Date "2021.04.27"]
[Round "9"]
[White "DFeco"]
[Black "Cambek64"]
[Result "1-0"]
[WhiteElo "2312"]
[BlackElo "2473"]
[TimeControl "180+1"]
[EndTime "11:43:08 PDT"]
[Termination "DFeco won by resignation"]

1. c4 c6 2. g3 d5 3. Nf3 Nf6 4. Bg2 Bg4 5. Ne5 Bf5 6. cxd5 cxd5 7. Nc3 e6 8. Qa4+ Nbd7 9. g4 Bg6 10. h4 h5 11. g5 Ng8 12. Nxd5 exd5 13. Bh3 Bd6 14. Nxd7 Ke7 15. Qb3 Qc7 16. Qxd5 Qc6 17. Qxc6 bxc6 18. d4 Rd8 19. Nc5 Bxc5 20. dxc5 Rd5 21. Be3 Be4 22. f3 Bf5 23. Bxf5 Rxf5 24. Kf2 Ke8 25. Bd4 f6 26. e4 Re5 27. Bxe5 fxe5 28. Rad1 Ne7 29. Rd6 Rf8 30. Rhd1 Rf4 31. Re6 Kf7 32. Rxe5 Ng6 33. Rf5+ Rxf5 34. exf5 Nxh4 35. Rd7+ Kf8 36. Rxa7 Nxf5 37. Rc7 h4 38. Rxc6 h3 39. Rc8+ Kf7 40. Rh8 1-0

[Event "*** Titled Tuesday Blitz"]
[Site "Chess.com"]
[Date "2021.04.27"]
[Round "9"]
[White "AEMEffi"]
[Black "jraosam"]
[Result "1-0"]
[WhiteElo "2316"]
[BlackElo "1886"]
[TimeControl "180+1"]
[EndTime "11:43:09 PDT"]
[Termination "AEMEffi won by checkmate"]

1. d4 d5 2. c4 e6 3. cxd5 exd5 4. Nc3 c6 5. Bf4 Nd7 6. e3 Ngf6 7. Bd3 Be7 8. Nge2 Nh5 9. Qc2 Nxf4 10. Nxf4 Nf6 11. h3 Bd6 12. Nfe2 Qe7 13. O-O-O b6 14. Kb1 Bb7 15. e4 dxe4 16. Nxe4 Nxe4 17. Bxe4 Qc7 18. Bxh7 g6 19. Bxg6 fxg6 20. Qxg6+ Kd7 21. d5 Rag8 22. Qf5+ Ke7 23. Nd4 Qd7 24. Rhe1+ Kd8 25. dxc6 Bxc6 26. Nxc6+ Qxc6 27. Qf6+ Kc7 28. Rxd6 Qxd6 29. Rc1+ Kd7 30.
Qf7+ Kd8 31. Qb7 Qg6+ 32. Ka1 Qd6 33. Rc8# 1-0

[Event "*** Titled Tuesday Blitz"]
[Site "Chess.com"]
[Date "2021.04.27"]
[Round "9"]
[White "Msb2"]
[Black "starworld123"]
[Result "1-0"]
[WhiteElo "2891"]
[BlackElo "2761"]
[TimeControl "180+1"]
[EndTime "11:43:10 PDT"]
[Termination "Msb2 won by resignation"]

1. d4 Nf6 2. c4 e6 3. Nc3 Bb4 4. e3 O-O 5. Bd2 d5 6. Nf3 c5 7. a3 Bxc3 8. Bxc3 Ne4 9. Rc1 cxd4 10. Nxd4 e5 11. Nf3 Nxc3 12. Rxc3 d4 13. exd4 e4 14.
Ng1 Nc6 15. Ne2 Bg4 16. d5 Ne5 17. Qd4 Re8 18. h3 Bh5 19. Ng3 Nd3+ 20. Kd2 Bg6 21. Be2 Qg5+ 22. Qe3 Qf6 23. Kc2 Qxf2 24. Qxf2 Nxf2 25. Rf1 e3+ 26. Kb3 f5 27. Bf3 f4 28.
Ne2 Bd3 29. c5 g5 30. d6 Bxe2 31. Bxe2 Ne4 32. Rd1 Nxc3 33. Kxc3 Kf7 34. b4 a6 35.
Kd4 Kf6 36. Bf3 Rab8 37. Kc4 Re5 38. a4 h5 39. b5 axb5+ 40. axb5 g4 41. hxg4 Rc8 42.
c6 bxc6 43. bxc6 hxg4 44. d7 Rd8 45. c7 e2 46. cxd8=Q+ 1-0

[Event "*** Titled Tuesday Blitz"]
[Site "Chess.com"]
[Date "2021.04.27"]
[Round "9"]
[White "platy3"]
[Black "IMRosen"]
[Result "1-0"]
[WhiteElo "2845"]
[BlackElo "2670"]
[TimeControl "180+1"]
[EndTime "11:43:14 PDT"]
[Termination "platy3 won by resignation"]

1. e4 e5 2. Nf3 Nf6 3. Nxe5 Nc6 4. Nxc6 dxc6 5. e5 Ne4 6. Nc3 Qd4 7. Nxe4 Qxe4+ 8. Qe2 Qxc2 9. Qc4 Qg6 10. d4 Be6 11.
Qc3 O-O-O 12. Be3 Bd5 13. h4 f6 14. h5 Qf7 15. Rg1 Qxh5 16. Be2 Qg6 17. a3 Kb8 18. O-O-O Be7 19. f4 Rhf8 20. g4 fxe5 21. dxe5 Qe6 22. f5 Qc8 23. e6 Bf6 24. Bd4 Rde8 25. Bxf6 Rxf6 26. Bd3 h6 27. Bc2 b6 28. g5 hxg5 29.
Rxg5 Re7 30. Rdg1 Qf8 31. Qg3 Be4 32. Bxe4 Re8 33. Rxg7 Qc5+ 34. Kb1 Rc8 35. Rc1 Qd4 36. Bxc6 Rxf5 37. Bd7 Qe4+ 38. Ka1 Rc5 39. Rxc5 bxc5 40.
Qb3+ Ka8 41. Bxc8 Qh1+ 42. Ka2 c4 43. Qb7+ Qxb7 44. Bxb7+ Kxb7 1-0

[Event "*** Titled Tuesday Blitz"]
[Site "Chess.com"]
[Date "2021.04.27"]
[Round "9"]
[White "Region_07"]
[Black "chessmachine14"]
[Result "1-0"]
[WhiteElo "2386"]
[BlackElo "2264"]
[TimeControl "180+1"]
[EndTime "11:43:15 PDT"]
[Termination "Region_07 won by checkmate"]

1. d4 g6 2. e4 Bg7 3. Nc3 e6 4. h4 Ne7 5. h5 gxh5 6. Qxh5 Bxd4 7. Nf3 Bg7 8. Bg5 c6 9. e5 d5 10. O-O-O Nd7 11. Qh4 Nf8 12. Ne4 Nfg6 13. Qh2 Qa5 14. Nd6+ Kd7 15. a3 b5 16. Bf6 Bxf6 17. exf6 Qc7 18. Nxf7 Qxh2 19. Rxh2 Rf8 20. N7e5+ Nxe5 21. Nxe5+ Kd6 22. fxe7 Re8 23. Nf7+ Kxe7 24. Rxh7 Rf8 25. Ne5+ Kd6 26. Nd3 c5 27. f4 Ba6 28. g3 c4 29. Ne5 Rab8 30. b4 cxb3 31. cxb3 Rfc8+ 32. Kb2 Rg8 33. b4 Rxg3 34. Rd7# 1-0

[Event "*** Titled Tuesday Blitz"]
[Site "Chess.com"]
[Date "2021.04.27"]
[Round "9"]
[White "annacramling"]
[Black "Roedor"]
[Result "0-1"]
[WhiteElo "2070"]
[BlackElo "2287"]
[TimeControl "180+1"]
[EndTime "11:43:15 PDT"]
[Termination "Roedor won on time"]

1. d4 Nf6 2. c4 g6 3. Nc3 Bg7 4. e4 d6 5. h3 O-O 6. Bg5 c5 7. d5 a6 8. a4 h6 9. Be3 Nbd7 10.
Nf3 Rb8 11. Qd2 Kh7 12. g4 b5 13. axb5 axb5 14. cxb5 Ne8 15. Bd3 e5 16. dxe6 fxe6 17. g5 Rxf3 18. gxh6 Bd4 19. Qe2 Ne5 20. Bc2 Bxe3 21.
fxe3 Qg5 22. Nd1 Nf6 23. Kd2 Rg3 24. Rf1 Bb7 25. Ra7 Kxh6 26. b6 Rg2 27. Rf2 Rxf2 28. Nxf2 Qg2 29. Ra1 Bc6 30. Rf1 Rxb6 31. Kc1 Bb5 32.
Ng4+ Nfxg4 0-1

[Event "*** Titled Tuesday Blitz"]
[Site "Chess.com"]
[Date "2021.04.27"]
[Round "9"]
[White "OK97"]
[Black "MITerryble"]
[Result "1/2-1/2"]
[WhiteElo "2759"]
[BlackElo "2894"]
[TimeControl "180+1"]
[EndTime "11:43:16 PDT"]
[Termination "Game drawn by repetition"]

1. c4 e5 2. Nc3 Nc6 3. Nf3 f5 4. e3 e4 5. Nd4 Nxd4 6. exd4 Nf6 7. d3 Bb4 8. Qb3 Qe7 9. Bg5 exd3+ 10. Kd1 Bxc3 11. Qxc3 Ne4 12. Bxe7 Nxc3+ 13. bxc3 Kxe7 14. Bxd3 d6 15. Re1+ Kf6 16. Rb1 b6 17. c5 dxc5 18. dxc5 Be6 19. a4 Rab8 20. cxb6 axb6 21. Kc2 Ra8 22.
Bb5 Rhd8 23. Rbd1 f4 24. Rd4 g5 25. Bc6 Rxd4 26. cxd4 Rd8 27. Kc3 Rd6 28. Be4 h5 29. Ra1 Bd5 30. f3 Rc6+ 31. Kd3 Bc4+ 32. Kc3 Bd5+ 33.
Kd3 Bxe4+ 34. fxe4 Kg6 35. a5 bxa5 36. Rxa5 Rc1 37.
Ra6+ Kf7 38. Ra5 Kg6 39. Ra6+ Kf7 40. Ra5 Kg6 1/2-1/2

[Event "*** Titled Tuesday Blitz"]
[Site "Chess.com"]
[Date "2021.04.27"]
[Round "9"]
[White "frederiksvane"]
[Black "StockholmMissile"]
[Result "0-1"]
[WhiteElo "2724"]
[BlackElo "2628"]
[TimeControl "180+1"]
[EndTime "11:43:16 PDT"]
[Termination "StockholmMissile won by resignation"]

1. e4 e5 2. Nf3 Nc6 3. Bb5 a6 4. Ba4 Nf6 5. O-O Bc5 6. c3 b5 7. Bc2 d5 8. d4 dxe4 9. dxc5 Qxd1 10. Bxd1 exf3 11. Bxf3 e4 12. Re1 Bf5 13. Bg5 O-O-O 14. Bxf6 gxf6 15. Be2 Ne5 16. Na3 Rd2 17. b4 Rg8 18.
Kf1 Nf3 19. Bxf3 exf3 20. g3 Bd3+ 21. Kg1 Be2 22. Nb1 Rc2 23. a4 Kb7 24. axb5 axb5 25.
h4 f5 26. c6+ Kb6 27. Kh2 f4 28. gxf4 Rg2+ 29. Kh3 Rxf2 30. Ra8 Rf1 31. Rxf1 Bxf1+ 32. Kg3 f2 33. Na3 Bd3 34. Nxc2 f1=Q 35. Nd4 Qe1+ 36. Kg4 Qxc3 37. Rd8 Qxb4 38. Nf3 Be2 0-1

[Event "*** Titled Tuesday Blitz"]
[Site "Chess.com"]
[Date "2021.04.27"]
[Round "9"]
[White "nss13"]
[Black "PavelChernomordik"]
[Result "1-0"]
[WhiteElo "2535"]
[BlackElo "2383"]
[TimeControl "180+1"]
[EndTime "11:43:16 PDT"]
[Termination "nss13 won by checkmate"]

1. e4 g6 2. d4 Bg7 3. Nf3 d6 4. Bc4 e6 5. Bb3 b6 6. O-O Bb7 7. Re1 Nd7 8. Nbd2 Ne7 9. Nf1 O-O 10. c3 c5 11. a4 a6 12. Bf4 e5 13.
dxe5 Nxe5 14. Nxe5 dxe5 15. Bg5 Qc7 16. Bxe7 Qxe7 17.
Bd5 Rad8 18. Qb3 Bxd5 19. exd5 Qb7 20. Rad1 Kh8 21. Ne3 f5 22. Nc4 Rxd5 23. Qxb6 Rxd1 24. Rxd1 Qe4 25. Qe6 Qc2 26. Ra1 Qe2 27. g3 f4 28.
Rf1 e4 29. Nd6 h6 30. Qxe4 Qxb2 31. Qxg6 Qxc3 32. Nf7+ Kg8 33. Nxh6+ Kh8 34. Nf7+ Kg8 35. Ng5 Qe5 36. Qh7# 1-0

[Event "*** Titled Tuesday Blitz"]
[Site "Chess.com"]
[Date "2021.04.27"]
[Round "9"]
[White "Vesper2018"]
[Black "CSB7"]
[Result "1-0"]
[WhiteElo "2577"]
[BlackElo "2719"]
[TimeControl "180+1"]
[EndTime "11:43:17 PDT"]
[Termination "Vesper2018 won by resignation"]

1. e4 e6 2. d4 d5 3. e5 c5 4. c3 Qb6 5. Nf3 Nc6 6. a3 f6 7.
Bd3 fxe5 8. dxe5 g6 9. O-O Bg7 10. Re1 Nge7 11. b4 c4 12. Bc2 O-O 13. Be3 Qc7 14.
Bc5 Bd7 15. b5 Nxe5 16. Bxe7 Nxf3+ 17. gxf3 Rf7 18. Bh4 Raf8 19. Bg3 Qc5 20. f4 e5 21. fxe5 Rxf2 22. Kh1 Bh3 23. Bxf2 Qxf2 24. Qxd5+ Kh8 25. Nd2 Bh6 26. Rf1 Bxf1 27. Rxf1 Qe2 28. Rxf8+ Bxf8 29. Qf3 Qe1+ 30. Qf1 Qxf1+ 31. Nxf1 Bg7 32. e6 Kg8 33.
Ne3 Bxc3 34. Nxc4 Kf8 35. Be4 b6 36. Bd5 Ke7 37. Kg2 Bg7 38. Kf3 Kf6 39. Ke4 Bf8 40. a4 Bc5 41. Ne5 h5 42. Nd7+ Ke7 43. Nxc5 bxc5 1-0

[Event "*** Titled Tuesday Blitz"]
[Site "Chess.com"]
[Date "2021.04.27"]
[Round "9"]
[White "OlegKrivonosov"]
[Black "atbenina64"]
[Result "1-0"]
[WhiteElo "2676"]
[BlackElo "2521"]
[TimeControl "180+1"]
[EndTime "11:43:17 PDT"]
[Termination "OlegKrivonosov won on time"]

1. Nf3 Nf6 2. c4 g6 3. Nc3 d5 4. cxd5 Nxd5 5. e4 Nxc3 6. dxc3 Qxd1+ 7. Kxd1 f6 8. Be3 e5 9. Nd2 Be6 10. Bc4 Kf7 11. Kc2 Nd7 12. Rhd1 Bc5 13. Nb3 Bd6 14. Bxe6+ Kxe6 15. Na5 b6 16. Nc4 Bc5 17. f3 Rhd8 18. b4 Bxe3 19. Nxe3 c6 20. Rd3 Nf8 21. Rad1 Ke7 22. a4 Ne6 23. Rxd8 Rxd8 24. Rxd8 Nxd8 25. Kd3 Ne6 26. g3 Kd6 27. h4 h5 28. Nc4+ Kc7 29. Ne3 a5 30. bxa5 bxa5 31. Nc4 Nc5+ 32. Kd2 Nxa4 33.
Nxa5 Nb6 34. Kd3 Kd6 35. Nc4+ Nxc4 36. Kxc4 f5 37. Kd3 Kc5 38. exf5 gxf5 39. g4 e4+ 40. Ke3 fxg4 41. fxg4 hxg4 42. h5 g3 43. h6 g2 44.
Kf2 Kc4 45. h7 e3+ 46. Kxg2 Kd3 47. h8=Q c5 48. Kf1 Kd2 49. Qd8+ 1-0

[Event "*** Titled Tuesday Blitz"]
[Site "Chess.com"]
[Date "2021.04.27"]
[Round "9"]
[White "Legendinunknown"]
[Black "MFguimaraes"]
[Result "1-0"]
[WhiteElo "2600"]
[BlackElo "2431"]
[TimeControl "180+1"]
[EndTime "11:43:17 PDT"]
[Termination "Legendinunknown won by resignation"]

1. d4 d5 2. c4 c6 3. Nc3 dxc4 4. e4 b5 5. a4 b4 6. Na2 e5 7. Nf3 exd4 8. Bxc4 Nf6 9. Ng5 Be6 10. Nxe6 fxe6 11. O-O e5 12. f4 Bd6 13. fxe5 Bxe5 14. Nxb4 Nbd7 15. Nxc6 Qb6 16. Nxe5 d3+ 17. Kh1 Nxe5 18. Bb5+ Ke7 19. Bg5 Rhf8 20. Qd2 h6 21. Rf5 Ng4 22.
Qb4+ Qd6 23. Qxd6+ Kxd6 24. Bf4+ Ke7 25. h3 Nf2+ 26.
Kg1 N6xe4 27. Re5+ Kf7 28. Be3 Kg8 29. Bxd3 Nxd3 30.
Rxe4 Nxb2 31. Rb1 Rae8 32. Rxe8 Rxe8 33. Rxb2 Rxe3 34. Rb7 Ra3 35. Rxa7 Ra2 36. Kh2 Kh7 37. Kg3 Kg6 38. Kf3 Kh5 39. g3 Kg6 40. Kg4 Kf6 41. Ra6+ Kf7 42. h4 g6 43. h5 gxh5+ 44. Kxh5 Rh2+ 45.
Kg4 Kg7 46. a5 Ra2 47. Kh4 Kh7 48. Kg4 Kg7 49. Kf4 Kh7 50. Ke5 Ra3 51. Kf4 Ra4+ 52. Kf5 Ra3 53. Ra7+ Kh8 54. g4 Rg3 55. a6 Kg8 56.
Rb7 Re3 57. a7 1-0

[Event "*** Titled Tuesday Blitz"]
[Site "Chess.com"]
[Date "2021.04.27"]
[Round "9"]
[White "gmcorrales"]
[Black "KhatanbaatarBazar"]
[Result "0-1"]
[WhiteElo "2852"]
[BlackElo "2692"]
[TimeControl "180+1"]
[EndTime "11:43:18 PDT"]
[Termination "KhatanbaatarBazar won on time"]

1. e4 e5 2. Nf3 Nc6 3. d4 exd4 4. Nxd4 Nf6 5. Nxc6 bxc6 6. e5 Qe7 7. Qe2 Nd5 8. c4 Ba6 9. b3 g6 10. Bb2 Bg7 11. Nd2 O-O 12. O-O-O Rfe8 13. Nf3 Nb6 14. Qd2 Rad8 15. Bd3 d5 16. exd6 Bxb2+ 17. Qxb2 cxd6 18. Rhe1 Qf8 19. c5 Bxd3 20. cxb6 Rxe1 21. Nxe1 Bf5 22. bxa7 Qe7 23. Qd4 c5 24. Qa4 Ra8 25. Qc6 Rxa7 26. Qxd6 Qe2 27. Qd2 Rxa2 28. Qxe2 Rxe2 29. f3 h5 30. h4 Kg7 31. g3 Kf6 32. Nd3 Re3 33.
Nf4 Rxf3 34. Kb2 Rxg3 35. Rc1 Rg4 36. Nd5+ Ke5 37. Rxc5 Kd6 38. Ra5 Rxh4 39. Ne3 Be6 40. Kc3 Rh3 41. Kd4 Bxb3 42. Ra6+ Ke7 43. Rb6 Be6 44. Ng2 Ra3 45. Nf4 Kf6 46. Nd5+ Kg7 47. Nf4 Bf5 48. Rb7 h4 0-1

[Event "*** Titled Tuesday Blitz"]
[Site "Chess.com"]
[Date "2021.04.27"]
[Round "9"]
[White "Margency"]
[Black "DenLaz"]
[Result "0-1"]
[WhiteElo "2658"]
[BlackElo "2818"]
[TimeControl "180+1"]
[EndTime "11:43:18 PDT"]
[Termination "DenLaz won on time"]

1. e4 e5 2. Nf3 Nc6 3. Bc4 Bc5 4. d3 Nf6 5. O-O d6 6. c3 a6 7. Bb3 h6 8. Nbd2 O-O 9. h3 Re8 10. Re1 Be6 11. Bc2 d5 12. exd5 Bxd5 13. b4 Bf8 14.
Bb2 g6 15. a3 Bg7 16. c4 Bxf3 17. Nxf3 Nh5 18. c5 Nf4 19. Rb1 Qd5 20. h4 Rad8 21. Re3 e4 22. Bxg7 exf3 23. Bxh6 Rxe3 24. fxe3 f2+ 25. Kxf2 Qxg2+ 26. Ke1 Ne5 27. Bxf4 Nf3+ 28. Qxf3 Qxf3 29. Kd2 Qf2+ 30. Kc3 Qxh4 31. Bxc7 Qf6+ 32. d4 Re8 33. Bf4 Qe6 34. Rg1 Qh3 35. Rg3 Qh1 36.
Bb3 Qe1+ 37. Kd3 Qb1+ 38. Kc3 Qa1+ 39. Kc2 Kg7 40. a4 Re4 41. d5 Rxb4 42. Rg5 Qa3 0-1

[Event "*** Titled Tuesday Blitz"]
[Site "Chess.com"]
[Date "2021.04.27"]
[Round "9"]
[White "1977Ivan"]
[Black "Mihnea2017"]
[Result "1-0"]
[WhiteElo "2654"]
[BlackElo "2474"]
[TimeControl "180+1"]
[EndTime "11:43:23 PDT"]
[Termination "1977Ivan won on time"]

1. d4 Nf6 2. c4 e6 3. Nc3 Bb4 4.
e3 O-O 5. Bd3 d5 6. a3 Bxc3+ 7.
bxc3 dxc4 8. Bxc4 c5 9. Ne2 b6 10. O-O Nbd7 11. Ng3 Bb7 12. Ba2 Rc8 13. Bb2 Qc7 14. Rc1 Qb8 15. c4 cxd4 16. exd4 Rfd8 17. Re1 Qf4 18. Rc2 Nf8 19. Rd2 Ng6 20. d5 exd5 21. cxd5 h5 22. Rd4 Qc7 23. Bb3 h4 24. Nf5 Qc5 25.
Nxg7 Kxg7 26. Qf3 Rd6 27. Rg4 Bxd5 28. Bxd5 Qxd5 29. Bxf6+ Kg8 30. Rge4 Qb5 31. Ba1 Rf8 32. Qe3 Rdd8 33. Qh6 1-0

[Event "*** Titled Tuesday Blitz"]
[Site "Chess.com"]
[Date "2021.04.27"]
[Round "9"]
[White "MaevskiyNikolay"]
[Black "NateSolon"]
[Result "1-0"]
[WhiteElo "2484"]
[BlackElo "2617"]
[TimeControl "180+1"]
[EndTime "11:43:23 PDT"]
[Termination "MaevskiyNikolay won by checkmate"]

1. Nf3 d5 2. c4 e6 3. d4 Nf6 4. g3 dxc4 5. Bg2 a6 6. Ne5 Bb4+ 7. Nc3 Nd5 8. Bd2 Nb6 9. e3 N8d7 10. Nxd7 Qxd7 11. Ne4 Be7 12. Qc2 Qa4 13. Qc1 O-O 14. O-O Bd7 15. Nc5 Bxc5 16. dxc5 Nd5 17. e4 Ne7 18. Bc3 Nc6 19. Bxg7 Kxg7 20. Qg5+ Kh8 21.
Qf6+ Kg8 22. Rad1 Rad8 23. Qg5+ Kh8 24. Qf6+ Kg8 25. e5 Qc2 26. Bxc6 bxc6 27. Qe7 Qxb2 28. Rfe1 Qc2 29. Rd4 h5 30. Ree4 Qc1+ 31. Kg2 c3 32.
Qf6 Kh7 33. Rh4 Qh6 34. Rdg4 Rg8 35. Qxf7+ Rg7 36. Rxg7+ Qxg7 37. Rxh5# 1-0

[Event "*** Titled Tuesday Blitz"]
[Site "Chess.com"]
[Date "2021.04.27"]
[Round "9"]
[White "ChadBiryani"]
[Black "Sueetin"]
[Result "1-0"]
[WhiteElo "2344"]
[BlackElo "2493"]
[TimeControl "180+1"]
[EndTime "11:43:23 PDT"]
[Termination "ChadBiryani won on time"]

1. d4 d5 2. c4 dxc4 3. Nc3 Nc6 4. e3 e5 5. d5 Nce7 6. Bxc4 Nf6 7. Nf3 Ng6 8. O-O Bd6 9. h3 e4 10. Nd2 Qe7 11. b3 Qe5 12. f4 Qxc3 13. Qe2 Qxa1 14. g4 h6 15. Bb5+ Bd7 16. Bxd7+ Nxd7 17. Nxe4 O-O 18. Qc2 Rfe8 19. Bb2 Qxa2 20. Ra1 Qxa1+ 21. Bxa1 Re7 22. Qc3 f6 23. Nxd6 cxd6 24. Qc7 Rae8 25. Bd4 Nb6 26. Qxd6 Rd7 27. Qa3 Nxd5 28. Qxa7 Red8 29.
Qc5 Ndxf4 30. Bxf6 gxf6 31. exf4 Rd2 32. Qc4+ Kh7 33. Qf7+ Kh8 34. Qxg6 1-0

[Event "*** Titled Tuesday Blitz"]
[Site "Chess.com"]
[Date "2021.04.27"]
[Round "9"]
[White "vinniethepooh"]
[Black "Lenyas66"]
[Result "1-0"]
[WhiteElo "2714"]
[BlackElo "2488"]
[TimeControl "180+1"]
[EndTime "11:43:26 PDT"]
[Termination "vinniethepooh won on time"]

1. d4 e6 2. c4 Bb4+ 3. Nc3 c5 4.
d5 Nf6 5. f3 b5 6. e4 bxc4 7.
Bxc4 exd5 8. Bxd5 Nxd5 9. Qxd5 Nc6 10. Ne2 Rb8 11. O-O Ne7 12. Qe5 Rb6 13. Nd5 f6 14. Qh5+ g6 15. Qh6 Nxd5 16. exd5 Kf7 17. Ng3 Qf8 18.
Qh4 Bb7 19. a3 Ba5 20. Qa4 Ra6 21. Qb5 Bb6 22. Re1 Qd8 23. Ne4 d6 24. Bf4 Ra5 25. Nxd6+ Kg7 26. Qe2 Bxd5 27. Qe7+ Qxe7 28. Rxe7+ Kf8 29.
Re8+ Kg7 30. Re7+ Kf8 31. Rae1 c4+ 32. Kh1 g5 33. Rd7 1-0

[Event "*** Titled Tuesday Blitz"]
[Site "Chess.com"]
[Date "2021.04.27"]
[Round "9"]
[White "Vanina1989"]
[Black "Bigfish1995"]
[Result "1-0"]
[WhiteElo "2837"]
[BlackElo "2984"]
[TimeControl "180+1"]
[EndTime "11:43:27 PDT"]
[Termination "Vanina1989 won on time"]

1. d4 d5 2. c4 e6 3. Nf3 Nf6 4.
Nc3 Bb4 5. Qa4+ Nc6 6. e3 O-O 7. Qc2 b6 8. Bd2 Bb7 9. cxd5 exd5 10. Bd3 Re8 11. O-O a6 12. Rac1 Bd6 13. Ne2 Ne7 14.
Ng3 Ng6 15. Nf5 Rc8 16. Nxd6 cxd6 17. Qb3 Ne7 18. Rxc8 Nxc8 19. Rc1 Re7 20. a4 Ne4 21. Bb4 g6 22. h3 Rd7 23. Qc2 Ne7 24. Ba3 Nf5 25.
Qe2 Rc7 26. b3 Rxc1+ 27. Bxc1 a5 28. Ba3 Kg7 29. Qc2 Qe7 30. g4 Nh6 31. Bxe4 dxe4 32. Nd2 f5 33. Nc4 Nf7 34. gxf5 Qg5+ 35. Kf1 Ba6 36.
Qxe4 Qh5 37. f6+ Kxf6 38. Qf4+ Kg7 39. Kg2 Qd5+ 40. e4 Qe6 41. d5 Qe7 42. Bb2+ Kg8 43. Nxb6 Ne5 44. Bd4 1-0

[Event "*** Titled Tuesday Blitz"]
[Site "Chess.com"]
[Date "2021.04.27"]
[Round "9"]
[White "Gusarov91"]
[Black "NoboaKevin1999"]
[Result "1-0"]
[WhiteElo "2631"]
[BlackElo "2456"]
[TimeControl "180+1"]
[EndTime "11:43:27 PDT"]
[Termination "Gusarov91 won on time"]

1. d4 Nf6 2. Nf3 e6 3. c4 Bb4+ 4. Bd2 Qe7 5. g3 Nc6 6. Bg2 Bxd2+ 7. Nbxd2 d6 8. O-O a5 9. b3 O-O 10. e3 e5 11. Qc2 Bg4 12. h3 Bh5 13. dxe5 dxe5 14. Nh4 Rfd8 15. Bxc6 bxc6 16. Nf5 Qe6 17. g4 Bg6 18. Nf3 h5 19. Ng5 Qe8 20. f3 a4 21.
Rad1 axb3 22. axb3 hxg4 23. hxg4 Rxd1 24. Rxd1 Rd8 25.
Rd2 Rxd2 26. Qxd2 e4 27. Nxe4 Nxe4 28. fxe4 Qxe4 29. Qd8+ Kh7 30. Qh4+ Kg8 31. Ne7+ Kf8 32. Nxg6+ fxg6 33. Qd8+ Kf7 34. Qxc7+ Kg8 35. Qd8+ Kh7 36. Qd4 Qb1+ 37. Kf2 Qxb3 38. Kf3 Qc2 39. Kf4 Qh2+ 40. Ke4 Qg2+ 41. Ke5 Qg3+ 42. Qf4 Qe1 43. Kd6 Qh1 44. e4 Qe1 45. e5 1-0

[Event "*** Titled Tuesday Blitz"]
[Site "Chess.com"]
[Date "2021.04.27"]
[Round "9"]
[White "Orest_Vovk"]
[Black "ehrenfeld"]
[Result "1-0"]
[WhiteElo "2384"]
[BlackElo "2501"]
[TimeControl "180+1"]
[EndTime "11:43:29 PDT"]
[Termination "Orest_Vovk won on time"]

1. h3 e5 2. d4 exd4 3. Qxd4 Nc6 4.
Qe4+ Be7 5. Nc3 Nf6 6. Qf4 d5 7. Bd2 O-O 8. O-O-O d4 9. Ne4 Qd5 10. Nxf6+ Bxf6 11. Kb1 Be6 12. b3 a5 13. e4 dxe3 14. fxe3 a4 15. Bc4 axb3 16. Bxd5 bxa2+ 17. Bxa2 Rxa2 18. c4 Rb2+ 19. Kc1 Ra8 20. Qxf6 Rxd2 21. Qc3 Rda2 22. Nf3 Bf5 23. Nd4 Bg6 24. Rhf1 Ne5 25. Nf5 f6 26.
Ne7+ Kh8 27. Nxg6+ hxg6 28. Rfe1 R8a4 29. Rd8+ Kh7 30.
Rd4 c5 31. Rh4+ Kg8 32. Qb3 R4a3 33. Qxa2 Rxa2 34. Kb1 1-0

[Event "*** Titled Tuesday Blitz"]
[Site "Chess.com"]
[Date "2021.04.27"]
[Round "9"]
[White "UKR_Master"]
[Black "suyu28"]
[Result "1-0"]
[WhiteElo "2496"]
[BlackElo "2621"]
[TimeControl "180+1"]
[EndTime "11:43:34 PDT"]
[Termination "UKR_Master won on time"]

1. e4 c6 2. Nf3 d5 3. Nc3 g6 4. g3 Bg7 5. Bg2 d4 6. Ne2 c5 7. O-O Nc6 8. d3 e5 9. a4 Nge7 10. Nd2 O-O 11. f4 f6 12. h3 Be6 13.
g4 f5 14. g5 fxe4 15. Nxe4 b6 16. Bd2 Nd5 17. Qe1 Qd7 18. Qg3 Ne3 19. Bxe3 dxe3 20. fxe5 Bxe5 21. Qxe3 Bxb2 22. Nf6+ Bxf6 23. gxf6 Bd5 24.
Bxd5+ Qxd5 25. Qh6 Rf7 26. Ng3 Qd4+ 27. Kh2 Rxf6 28.
Rxf6 Qxf6 29. Rf1 Qg7 30. Qg5 Rd8 31. Rf6 Ne7 32. Ne4 Rf8 33. Re6 Nf5 34. Nf6+ Kh8 35.
Ne4 Qc7+ 36. Kg2 Qf7 37. Rf6 Qg7 38. Re6 Nd4 39. Re7 Qg8 40. Qe5+ 1-0

[Event "*** Titled Tuesday Blitz"]
[Site "Chess.com"]
[Date "2021.04.27"]
[Round "9"]
[White "tapu2"]
[Black "serhanberat_ozdemir"]
[Result "1-0"]
[WhiteElo "2730"]
[BlackElo "2585"]
[TimeControl "180+1"]
[EndTime "11:43:35 PDT"]
[Termination "tapu2 won on time"]

1. e4 c5 2. Nc3 e6 3. f4 d5 4. Nf3 dxe4 5. Nxe4 Be7 6. Bb5+ Bd7 7.
Bc4 Nf6 8. d3 Bc6 9. Qe2 b5 10.
Nxf6+ Bxf6 11. Bb3 O-O 12. a4 a6 13. axb5 axb5 14. Rxa8 Bxa8 15. Ne5 Nc6 16. Nxc6 Bxc6 17. O-O Bd4+ 18. Be3 Qf6 19. c3 Bxe3+ 20. Qxe3 Qf5 21. Bd1 Rd8 22. Be2 Qd5 23. Bf3 Qd6 24. Bxc6 Qxc6 25.
Rd1 g6 26. d4 cxd4 27. Rxd4 Ra8 28. h3 h5 29. Qe5 Rc8 30. Kh2 Ra8 31. Qf6 Qc7 32.
Rd1 Re8 33. Rd4 e5 34. Re4 Re6 35. Qg5 Kg7 36. fxe5 f6 37. Qf4 Rxe5 38. Rxe5 fxe5 39. Qe4 Qd6 40. Qb7+ Kf6 41. Qxb5 e4+ 42. Kg1 Qd1+ 43.
Qf1+ 1-0

[Event "*** Titled Tuesday Blitz"]
[Site "Chess.com"]
[Date "2021.04.27"]
[Round "9"]
[White "DarZay"]
[Black "WiktoriaPOL"]
[Result "1-0"]
[WhiteElo "2163"]
[BlackElo "2023"]
[TimeControl "180+1"]
[EndTime "11:43:36 PDT"]
[Termination "DarZay won by resignation"]

1. e4 c5 2. Nc3 Nc6 3. f4 g6 4. Nf3 Bg7 5. e5 d6 6. Bb5 a6 7.
Bxc6+ bxc6 8. Ne4 Bf5 9. Qe2 Bxe4 10. Qxe4 d5 11. Qa4 Qc7 12. O-O e6 13. d4 c4 14.
b3 cxb3 15. cxb3 Ne7 16. Ba3 O-O 17. Bd6 Qd7 18. Rac1 Rfc8 19. Bxe7 Qxe7 20. Rxc6 Qb7 21. Rfc1 Bf8 22. a3 Rxc6 23. Rxc6 Rc8 24. Rxa6 Rc1+ 25. Kf2 Rc2+ 26. Kg3 Rc3 27. Ra8 Rc6 28. b4 f6 29.
exf6 Rc8 30. Rxc8 Qxc8 31. Qb3 Qd8 32. b5 Qxf6 33. b6 Bd6 34. Ne5 g5 35. Qf3 gxf4+ 36.
Qxf4 Qe7 37. Qg4+ Kh8 38. Kh3 Bxe5 39. dxe5 Qxa3+ 40. g3 Qe7 41. Qh4 Qf7 42. Qf6+ Qxf6 43. exf6 d4 44. b7 Kg8 45. b8=Q+ Kf7 46. Qe5 d3 47.
Qd4 1-0